 Seeded DCSS version 0.28-a0-691-gad6df49e81 (webtiles) character file.

Game seed: 87278619295840702 (custom seed)

53 BigDaddyOpFi the Ducker (level 3, -1/26 HPs)
             Began as an Octopode Fighter on Oct 21, 2021.
             Was an Initiate of Dithmenos.
             Slain by a goblin (3 damage)
             ... on level 3 of the Dungeon.
             The game lasted 00:01:32 (2227 turns).

BigDaddyOpFi the Ducker (Octopode Fighter)          Turns: 2227, Time: 00:01:33

Health: -1/26      AC:  1    Str: 16    XL:     3   Next: 89%
Magic:  3/3        EV: 13    Int: 10    God:    Dithmenos [......]
Gold:   96         SH:  4    Dex: 11    Spells: 2/2 levels left

rFire   . . .      SeeInvis .   a - +0 long sword
rCold   . . .      Faith    .   b - +0 buckler
rNeg    . . .      Spirit   .   (helmet restricted)
rPois   .          Reflect  .   (no amulet)
rElec   .          Harm     .   (no ring)
rCorr   .          Rampage  .   (no ring)
Will    .....                   (no ring)
Stlth   +++.......              (no ring)
HPRegen 0.08/turn               (no ring)
MPRegen 0.08/turn               (no ring)
                                (no ring)
                                (no ring)

@: mighty
A: almost no armour, amphibious, 8 rings, camouflage 1, gelatinous body 1,
(nimble swimmer 1), tentacles
a: Renounce Religion


You were on level 3 of the Dungeon.
You worshipped Dithmenos.
Dithmenos was noncommittal.
You visited 1 branch of the dungeon, and saw 4 of its levels.

You collected 96 gold pieces.

Inventory:

Hand Weapons
 a - a +0 long sword (weapon)
Armour
 b - a +0 buckler (worn)
Wands
 h - a wand of charming (6)
Scrolls
 d - a scroll of identify {unknown}
 e - a scroll of amnesia {unknown}
 f - a scroll of vulnerability {unknown}
 g - a scroll of immolation {unknown}
 i - a scroll of noise {unknown}
 l - a scroll of teleportation {unknown}
 m - a scroll of magic mapping {unknown}
 o - a scroll of acquirement {unknown}
Potions
 j - a potion of heal wounds {unknown}
 k - 2 potions of brilliance {unknown}
 n - a potion of flight {unknown}


   Skills:
 + Level 3.3 Fighting
 + Level 2.4 Long Blades
 + Level 3.4 Dodging
 * Level 2.0 Stealth
 + Level 3.3 Shields


You had 2 spell levels left.
You didn't know any spells.
Your spell library contained the following spells:

 Spells                   Type           Power      Damage    Failure   Level
 Passwall                 Tmut/Erth      0%         N/A       52%         2
 Swiftness                Air            0%         N/A       77%         3
 Invisibility             Hex            0%         N/A       100%        6


Dungeon Overview and Level Annotations

Branches:
Dungeon (4/15)
 Temple: D:4-7

Altars:
Dithmenos

Shops:
D:1 [

Annotations:
D:4 1 runed translucent door, BigDaddyOpFi's ghost, amateur MiBe


Innate Abilities, Weirdness & Mutations

You cannot wear most types of armour.
You are amphibious.
You can wear up to eight rings at the same time.
Your skin changes colour to match your surroundings (Stealth+).
Your rubbery body absorbs attacks. (AC +1, EV +1)
((You are camouflaged near water. (Stealth+)))
You have tentacles for arms and can constrict up to eight enemies at once.


Message History

A frilled lizard comes into view.
You hear a shout!
The bat closely misses you.
You closely miss the bat. Your grab misses the bat.
Your squeeze misses the bat. The bat misses you.
The orc wizard gestures wildly while chanting.
The orc wizard flickers and vanishes!
Deactivating autopickup; reactivate with Ctrl-A.
The orc wizard hits you with a +0 dagger.
You miss the bat. Your grab misses the bat. Your squeeze misses the bat.
The bat completely misses you. The bat barely misses you.
The goblin barely misses you.
The orc wizard points at you and mumbles some strange words.
You are confused.
The bat misses you. The goblin hits you with a +0 club.
The orc priest looks satisfied for a moment.
The orc wizard hits you with a +0 dagger.
You feel very mighty all of a sudden. The bat misses you.
The goblin hits you with a +0 club. The orc wizard barely misses you.
An orc comes into view. It is wielding a +0 hand axe.
The bat closely misses you.
The orc wizard mumbles some strange words.
The orc wizard flickers and vanishes!
Things that are here:
a +0 club; a kobold corpse You bump into the rock wall.
The bat closely misses you. The goblin closely misses you.
You bump into the rock wall.
The bat barely misses you. The goblin hits you with a +0 club.
* * * LOW HITPOINT WARNING * * *
Unknown command.
You bump into the rock wall.
The bat barely misses you. The goblin hits you with a +0 club.
* * * LOW HITPOINT WARNING * * *
You bump into the rock wall.
You feel less confused. The bat hits you but does no damage.
The bat closely misses you. The bat hits you but does no damage.
The goblin hits you with a +0 club.
You die...

.......############
..............#...#
########.#.##.#...####
#........#............
#)########.#.#.######
# #.#.#..# # #...##.##
# #...##..# #
#.#.###@## # #...#
#gb# ## #...####o## ..
. #......o# .... #
#.....o.# ...<..
#.......# ...[..
#........ ......
...<....#l# ......
##.######..


You could see an orc priest, 2 orcs, a goblin, a bat and a frilled lizard
(wandering).

Vanquished Creatures
  An adder (D:2)
  2 worms
  2 dart slugs
  An orc (D:3)
  2 bats (D:2)
  An endoplasm (D:2)
  2 giant cockroaches
  4 goblins
  A hobgoblin (D:2)
  3 jackals (D:1)
  3 kobolds
  3 quokkas (D:3)
  2 ball pythons
  3 frilled lizards
  3 rats
33 creatures vanquished.

Notes
Turn   | Place    | Note
-------+----------+-------------------------------------------
     0 | D:1      | BigDaddyOpFi the Octopode Fighter began the quest for the
                  | Orb.
     0 | D:1      | Reached XP level 1. HP: 16/16 MP: 1/1
   222 | D:1      | Found Ciraakli's Armour Shoppe.
   426 | D:1      | Reached XP level 2. HP: 21/21 MP: 2/2
   847 | D:2      | Reached skill level 1 in Stealth
   851 | D:2      | Reached XP level 3. HP: 11/26 MP: 3/3
  1221 | D:2      | Found a faded altar of an unknown god.
  2087 | D:3      | Found a shadowy altar of Dithmenos.
  2104 | D:4      | Noticed BigDaddyOpFi's ghost (amateur MiBe)
  2104 | D:4      | Found a runed translucent door.
  2115 | D:3      | Became a worshipper of Dithmenos the Shadowed
  2227 | D:3      | Slain by a goblin

Illustrated notes

Levels and vault maps discovered:
D:1:      giann_wishing_wells, layout_basic, serial_shops,
          nicolae_lakefront_shop
D:2:      layout_basic, chequers_ecumenical_altar_simple
D:3:      layout_basic, grunt_dithmenos_smoke, minivault_27,
          kennysheep_generic_room_2, uniq_ijyb
D:4:      layout_basic, hellmonk_ghost_happy_afterlife

Skill      XL: |  1  2  3 |
---------------+----------+-----
Stealth        | 1 2 |  2.0
Fighting       | |  3.3
Long Blades    | |  2.4
Dodging        | |  3.4
Shields        | |  3.3

Action                   || total
-------------------------++-------
Melee: Long sword        ||    61
       Constrict         ||    21
       Tentacles         ||    11
  Use: Potion            ||     1
 Stab: Sleeping          ||     4
Armor: Skin              ||     6
Dodge: Dodged            ||    50
Block: Buckler           ||    17

Table legend: (Time is in decaauts)
 A = Elapsed time spent in this place.
 B = Non-inter-level travel time spent in this place.
 C = Inter-level travel time spent in this place.
 D = Time resting spent in this place.
 E = Time spent auto-exploring this place.
 F = Levels seen in this place.
 G = Mean time per level.
                   A        B        C        D        E       F      G
               +--------+--------+--------+--------+--------+-----+--------+
         Total |   2245 |   2179 |     66 |    246 |   1645 |   4 |  561.2 |
       Dungeon |   2245 |   2179 |     66 |    246 |   1645 |   4 |  561.2 |
               +--------+--------+--------+--------+--------+-----+--------+

Top non-repeatable levels by time:
     D:2: 1007 daAuts
     D:1: 789 daAuts
     D:3: 447 daAuts
     D:4: 1 daAuts
